 Dungeon Crawl Stone Soup version 0.20-a0-705-gbe8799e (webtiles) character file.

321 M4edhros the Covert (level 6, -11/38 HPs)
             Began as an Octopode Artificer on Feb 20, 2017.
             Mangled by Duvessa
             ... wielding a +0 short sword
              (21 damage)
             ... on level 5 of the Dungeon.
             The game lasted 00:02:18 (1369 turns).

M4edhros the Covert (Octopode Artificer)            Turns: 1369, Time: 00:02:20

Health: -11/38     AC:  1    Str: 11    XL:     6   Next: 46%
Magic:  8/8        EV:  9    Int: 13    God:
Gold:   47         SH: 10    Dex: 15    Spells: 5/5 levels left

rFire    . . .     SeeInvis .   g - +5 dagger
rCold    . . .     Gourm    .   o - +0 large shield
rNeg     . . .     Faith    .   (helmet restricted)
rPois    .         Spirit   .   (no amulet)
rElec    .         Reflect  .   (no ring)
rCorr    .         Harm     .   (no ring)
MR       .....                  (no ring)
Stlth    +++++.....             (no ring)
Regen    0.2/turn               (no ring)
MPRegen  0.2/turn               (no ring)
                                (no ring)
                                (no ring)

@: no status effects
A: almost no armour, stealthy swim, amphibious, 8 rings, constrict 8, camouflage
1, gelatinous body 1
a: no special abilities


You were on level 5 of the Dungeon.
You were not hungry.

You visited 2 branches of the dungeon, and saw 5 of its levels.

You collected 47 gold pieces.

Inventory:

Hand Weapons
 a - a +0 short sword
 g - a +5 dagger (weapon)
Armour
 o - a +0 large shield (worn)
Jewellery
 m - an uncursed ring of ice
Wands
 b - a wand of flame (9/48)
 c - a wand of enslavement (13/24)
 d - a wand of random effects (13/48)
Scrolls
 k - 2 scrolls of remove curse {unknown}
Potions
 e - a potion of ambrosia {unknown}
 h - a potion of brilliance {unknown}
 i - a potion of mutation {unknown}
Comestibles
 f - 2 bread rations
 j - a meat ration
 l - a royal jelly
 n - 2 chunks of flesh


   Skills:
 + Level 1.2 Fighting
 - Level 1.0 Short Blades
 + Level 2.1 Dodging
 + Level 8.9 Stealth
 * Level 0.8 Shields
 - Level 3.2 Evocations


You had 5 spell levels left.
You didn't know any spells.

Dungeon Overview and Level Annotations

Branches:
Dungeon (5/15)             Temple (1/1) D:4

Altars:
Ashenzari
Cheibriados
Dithmenos
Gozag
Hepliaklqana
Kikubaaqudgha
Nemelex Xobeh
Okawaru
Ru
Trog
Uskayaw
Xom
Zin
The Shining One

Annotations:
D:5 Duvessa


Innate Abilities, Weirdness & Mutations

You cannot wear most types of armour.
You are very stealthy in the water. (Stealth+)
You are amphibious.
You can wear up to eight rings at the same time.
You can use your tentacles to constrict eight enemies at once.
Your skin changes colour to match your surroundings (Stealth+).
Your rubbery body absorbs attacks. (AC +1, EV +1)


Message History

Duvessa screams, "No!
How DARE you!"
Duvessa goes berserk!
Duvessa rages.
Evoke which item? (* to show all) (? for menu, Esc to quit)
Aiming: Enslavement
Press: ? - help, Shift-Dir - straight line, f - Duvessa
Aim: Duvessa, wielding a short sword and wearing a leather armour (berserk, fast, unusually strong, chance to defeat MR: 37%) Duvessa resists with some effort.
This wand has 14 charges left.
Duvessa hits you with a short sword!
Evoke which item? (* to show all) (? for menu, Esc to quit)
Aiming: Enslavement
Press: ? - help, Shift-Dir - straight line, f/p - Duvessa
Aim: Duvessa, wielding a short sword and wearing a leather armour (berserk, fast, unusually strong, chance to defeat MR: 37%) Duvessa resists with some effort.
This wand has 13 charges left.
You hear the slow rusting of a very distant drain.
Duvessa hits you with a short sword!
* * * LOW HITPOINT WARNING * * *
Duvessa hits you with a short sword!!
Ouch! That really hurt!
You die...

#.# #.# #.# #.#
#.# #.#
###########.#####
#...............#
#@########......#
#e..# #......#
#..[# #......#
#...# #......#
#...# #......#
#...# ########
#<..# #.###


You could see Duvessa (berserk).

Vanquished Creatures
  Edmund (D:4)
  A scorpion (D:4)
  Dowan (D:5)
  A hound (D:4)
  An orc wizard (D:4)
  A worker ant (D:4)
  An adder (D:4)
  An ooze (D:4)
  A worm (D:2)
  A bat (D:1)
  3 giant cockroaches
  A goblin (D:2)
  3 frilled lizards
  2 leopard gecko skeletons (D:4)
  A quokka skeleton (D:4)
  A rat (D:2)
21 creatures vanquished.

Notes
Turn   | Place    | Note
-------+----------+-------------------------------------------
     0 | D:1      | M4edhros the Octopode Artificer began the quest for the Orb.
     0 | D:1      | Reached XP level 1. HP: 13/13 MP: 3/3
    61 | D:1      | Reached skill level 2 in Stealth
   190 | D:1      | You fall through a shaft!
   205 | D:2      | Reached skill level 3 in Stealth
   205 | D:2      | Reached XP level 2. HP: 18/18 MP: 4/4
   257 | D:2      | You fall through a shaft for 2 floors!
   370 | D:4      | Noticed a scorpion
   384 | D:4      | Reached skill level 4 in Stealth
   384 | D:4      | Reached XP level 3. HP: 11/23 MP: 5/5
   388 | D:4      | Reached skill level 5 in Stealth
   553 | D:4      | Reached XP level 4. HP: 24/28 MP: 6/6
   555 | D:4      | Reached skill level 6 in Stealth
   598 | D:4      | Reached skill level 7 in Stealth
   598 | D:4      | Reached XP level 5. HP: 21/33 MP: 7/7
   665 | D:4      | Noticed Edmund
   721 | D:4      | Killed Edmund
   721 | D:4      | Reached skill level 8 in Stealth
   721 | D:4      | Reached XP level 6. HP: 13/38 MP: 8/8
   766 | D:4      | Found a staircase to the Ecumenical Temple.
   879 | Temple   | Entered the Ecumenical Temple
  1198 | D:4      | Found a glowing silver altar of Zin.
  1319 | D:5      | Entered Level 5 of the Dungeon
  1365 | D:5      | Noticed Duvessa
  1365 | D:5      | Noticed Dowan
  1367 | D:5      | Killed Dowan
  1369 | D:5      | Mangled by Duvessa

Vault maps used:
D:1:      eino_arrival_cavern_a
D:2:      nicolae_overflow_crystal_walls, serial_forest,
          infiniplex_forest_end_2, infiniplex_forest_lined_3,
          infiniplex_forest_zigzag_1, infiniplex_forest_clump_long,
          infiniplex_forest_straight_4, infiniplex_forest_straight_3,
          infiniplex_forest_clump_small, infiniplex_forest_lined_corner,
          minmay_randomly_rotated_circles, uniq_iyjb
D:4:      cheibrodos_helix_gallery, lemuel_crystal_altar,
          minmay_temple_entry_butterflies, uniq_edmund
D:5:      cheibrodos_thug_alley, lightli_sewer_entry_pipes, first_bread,
          uniq_duvessa, uniq_grinder
Temple:   oiseaux_autumnal_temple

Skill      XL: |  1  2  3  4  5 |
---------------+----------------+-----
Stealth        | 3 4 5 7 8 |  8.9
Fighting       | |  1.2
Short Blades   | |  1.0
Dodging        | |  2.1
Shields        | |  0.8
Evocations     | |  3.2

Action                   |  1- 3 |  4- 6 || total
-------------------------+-------+-------++-------
Melee: Short sword       |    18 |       ||    18
       Tentacles         |     4 |     1 ||     5
       Constrict         |     5 |     2 ||     7
       Dagger            |    25 |    11 ||    36
Evoke: Wand              |       |    10 ||    10
  Use: Potion            |       |     1 ||     1
 Stab: Sleeping          |     3 |     2 ||     5
  Eat: Chunk             |       |     1 ||     1
Armor: Skin              |     6 |       ||     6
Dodge: Dodged            |    23 |     5 ||    28
